AoeStats
← 小桦

Pilgrims

509557783Analyzed
4v4 RM · 5d ago on Sep 27, 2026· 16m 33s· 8 players
Game mode
Random Map
Map size
Large (8 player)
Population
200
Speed
Normal
Resources
Standard
Victory
Conquest
Starting age
Dark Age
Ending age
Imperial Age
RankedLock teamsTeams togetherTeam positionsShared explorationLock speedFull tech treeHidden civsTurbo modeCheats
Victory
Defeat
🇨🇳 Vietnamese · China
1425
+12
🇺🇸 Turks · United States
1353
+15
🇨🇳 Japanese · China
1225
+20
1210
+21
🇪🇸 Hindustanis · Spain
1370
-19
🇦🇺 Cumans · Australia
1350
-18
🇫🇷 Malians · France
1299
-16
🇨🇳 Franks · China
1272
-15
苍真
10:59 Loom
16:02 Feudal Age
SteveROGERS
8:41 Loom
13:04 Feudal Age
14:07 Double-Bit Axe
16:54 Castle Age
S15_RB26
13:15 Feudal Age
Rpt
7:40 Loom
11:47 Feudal Age
15:57 Castle Age
插标卖首之徒
7:44 Loom
12:25 Feudal Age
13:47 Double-Bit Axe
16:12 Castle Age
15:01 Fishing Lines
15:43 Forging
16:01 Bloodlines
16:46 Scale Barding Armor
小桦
9:42 Loom
12:09 Feudal Age
12:42 Fishing Lines
13:11 Double-Bit Axe
14:24 Fletching
传奇耐电王汤恩伯
2:51 Loom
10:44 Feudal Age
13:35 Double-Bit Axe
14:40 Fishing Lines
无花果
7:16 Loom
9:31 Loom
12:57 Feudal Age
13:47 Double-Bit Axe
13:56 Fletching
19:08 Castle Age
Connection lost

Rejoining the realm…

Still unreachable

The connection could not be restored.

Session expired

The server has moved on; the page needs a fresh start.